 Dungeon Sprint DCSS version 0.27-a0-412-g8dd771eca2 (webtiles) character file.

Game seed: 2119429497377472170

436 Gaff the Spear-Bearer (level 6, -6/68 HPs)
             Began as a Minotaur Berserker on Feb 24, 2021.
             Was a Believer of Trog.
             Mangled by Sonja
             ... wielding a +2 short sword of venom
              (8 damage)
             ... in the Dungeon (Sprint I: "Red Sonja").
             The game lasted 00:02:10 (516 turns).

Gaff the Spear-Bearer (Minotaur Berserker)           Turns: 516, Time: 00:02:11

Health: -6/68      AC:  3    Str: 24    XL:     6   Next: 69%
Magic:  5/5        EV: 13    Int:  4    God:    Trog [**....]
Gold:   313        SH:  0    Dex:  9    Spells: 5/5 levels left

rFire    . . .     SeeInvis .   m - +0 scythe
rCold    . . .     Faith    .   (shield currently unavailable)
rNeg     . . .     Spirit   .   k - +0 leather armour
rPois    .         Reflect  .   (helmet restricted)
rElec    .         Harm     .   (no cloak)
rCorr    .         Rampage  .   (no gloves)
Will     .....     NoTele   +   (no boots)
Stlth    ..........             (no amulet)
HPRegen  0.21/turn              (no ring)
MPRegen  0.09/turn              (no ring)

@: confused, lethally poisoned (-6 -> -31), berserk cooldown, slowed, very slow
A: retaliatory headbutt, horns 2
a: Renounce Religion, Berserk, Trog's Hand


You were in the Dungeon.
You worshipped Trog.
Trog was pleased with you.
You visited 1 branch You collected 313 gold pieces.

Inventory:

Hand Weapons
 a - a +0 spear
 j - a +1 dagger of holy wrath
 m - a +0 scythe (weapon)
Armour
 b - a +0 animal skin
 k - a +0 leather armour (worn)
Wands
 l - a wand of digging (2)
Scrolls
 h - a scroll of blinking
Potions
 c - a potion of curing
 d - a potion of heal wounds
 e - a potion of haste
 f - 2 potions of magic
 g - a potion of berserk rage
 i - 2 potions of attraction {unknown}


   Skills:
 + Level 11.0 Fighting
 + Level 11.4 Polearms
 + Level 6.2 Armour
 + Level 5.6 Dodging


You had 5 spell levels left.
You didn't know any spells.
Your spell library was empty.

Dungeon Overview and Level Annotations

Branches:
Dungeon (1/1)

Altars:
Cheibriados
Dithmenos
Elyvilon
Fedhas
Gozag
Hepliaklqana
Kikubaaqudgha
Nemelex Xobeh
Okawaru
Qazlal
Ru
Sif Muna
Trog
Uskayaw
Vehumet
Wu Jian
Yredelemnul
Zin
The Shining One

Shops:
D =

Annotations:
D Sonja


Innate Abilities, Weirdness & Mutations

You reflexively headbutt those who attack you in melee.
You have a pair of horns on your head.


Message History

Your will is overpowered!
You are confused.
Sonja gestures wildly while chanting.
Sonja blinks!
You feel very sick.
Sonja mumbles some strange words.
Sonja blinks!
Okay, then.
You bump into the rock wall.
You feel very sick.
Sonja throws a curare-tipped dart.
The curare-tipped dart closely misses you.
You feel very sick.
Sonja mumbles some strange words.
Sonja blinks!
You feel less confused.
You feel sick.
Sonja zaps a wand.
Your will is overpowered!
You are confused.
There is an open door here.
You bump into the stone wall.
You feel sick.
Sonja hits you with a +2 short sword of venom.
* * * LOW HITPOINT WARNING * * *
You are lethally poisoned!
Sonja closely misses you. x2
Sonja casts a spell.
Sonja blinks!
* * * LOW HITPOINT WARNING * * *
You feel very sick.
Sonja zaps a wand.
Your will is overpowered!
You are more confused.
Sonja throws a curare-tipped dart.
The curare-tipped dart hits you.
You are more poisoned.
You have difficulty breathing.
* * * LOW HITPOINT WARNING * * *
You feel as though you will be slow longer.
* * * LOW HITPOINT WARNING * * *
You feel very sick.
Sonja hits you with a +2 short sword of venom.
* * * LOW HITPOINT WARNING * * *
Sonja hits you with a +2 short sword of venom!
You die...

################
#<.#..').#..'..#
#..'..#..'[.#..+
#..#####'#####'#
#..####..#...#[#
#..#__####..##.#
#..#_____##'#_.+
#⌠⌠#_.∩...†..._#
####_..__##_@#+#
#_____###K#
####### #.# $.$
$.$# ##.## #+#


You could see Sonja.

Vanquished Creatures
  Sigmund (D)
  A yak (D)
  An ogre (D)
  A jelly (D)
  Ijyb (D)
5 creatures vanquished.

Vanquished Creatures (others)
  A hornet (D)
1 creature vanquished.

Grand Total: 6 creatures vanquished

Notes
Turn   | Place    | Note
-------+----------+-------------------------------------------
     0 | D        | Gaff the Minotaur Berserker began the quest for the Orb.
     0 | D        | Reached XP level 1. HP: 19/19 MP: 0/0
     1 | D        | Noticed Ijyb
    13 | D        | Killed Ijyb
    14 | D        | Reached skill level 5 in Fighting
    14 | D        | Reached skill level 5 in Polearms
    14 | D        | Reached XP level 2. HP: 25/30 MP: 1/1
   138 | D        | Noticed an ogre
   142 | D        | Killed an ogre
   143 | D        | Reached XP level 3. HP: 34/40 MP: 2/2
   143 | D        | Reached XP level 4. HP: 41/48 MP: 3/3
   264 | D        | Noticed Sigmund
   269 | D        | Killed Sigmund
   269 | D        | Reached ** piety under Trog
   270 | D        | Reached skill level 10 in Polearms
   270 | D        | Reached skill level 5 in Armour
   270 | D        | Reached XP level 5. HP: 53/58 MP: 4/4
   270 | D        | Reached XP level 6. HP: 60/66 MP: 5/5
   308 | D        | Found an ornate altar of the Wu Jian Council.
   308 | D        | Found a shimmering blue altar of Sif Muna.
   310 | D        | Found a radiant altar of Vehumet.
   313 | D        | Reached skill level 10 in Fighting
   313 | D        | Reached skill level 5 in Dodging
   338 | D        | Found Quelirra's Jewellery Emporium.
   338 | D        | Found an ancient bone altar of Kikubaaqudgha.
   338 | D        | Found a hazy altar of Hepliaklqana.
   338 | D        | Found a stormy altar of Qazlal.
   338 | D        | Found a hide-covered altar of Uskayaw.
   338 | D        | Found a blossoming altar of Fedhas.
   338 | D        | Found a bloodstained altar of Trog.
   338 | D        | Found an iron altar of Okawaru.
   338 | D        | Found a basalt altar of Yredelemnul.
   338 | D        | Found a glowing golden altar of the Shining One.
   338 | D        | Found a snail-covered altar of Cheibriados.
   338 | D        | Found a sacrificial altar of Ru.
   338 | D        | Found a glowing silver altar of Zin.
   338 | D        | Found a shadowy altar of Dithmenos.
   338 | D        | Found a white marble altar of Elyvilon.
   338 | D        | Noticed a yak
   345 | D        | Killed a yak
   346 | D        | Found an opulent altar of Gozag.
   347 | D        | Found a sparkling altar of Nemelex Xobeh.
   499 | D        | Noticed Sonja
   506 | D        | Killed a hornet
   516 | D        | HP: 2/68 [Sonja/+2 short sword of venom (6)]
   516 | D        | Mangled by Sonja

Illustrated notes

Levels and vault maps discovered:
D:        dungeon_sprint_1 [red_sonja_temple_1, red_sonja_temple_small_1]

Skill      XL: |  1  2  3  4  5  6 |
---------------+-------------------+-----
Fighting       | 5 7 9 11 | 11.0
Polearms       | 5 7 10 11 | 11.4
Armour         | 3 4 5 6 |  6.2
Dodging        | 3 4 5 |  5.6

Action                   |  1- 3 |  4- 6 || total
-------------------------+-------+-------++-------
Melee: Spear             |    13 |     4 ||    17
       Headbutt          |       |     5 ||     5
       Scythe            |       |    12 ||    12
Invok: Berserk           |     2 |     1 ||     3
Armor: Animal skin       |     1 |       ||     1
       Leather armour    |       |     3 ||     3
Dodge: Dodged            |     2 |    15 ||    17

Table legend: (Time is in decaauts)
 A = Elapsed time spent in this place.
 B = Non-inter-level travel time spent in this place.
 C = Inter-level travel time spent in this place.
 D = Time resting spent in this place.
 E = Time spent auto-exploring this place.
 F = Levels seen in this place.
 G = Mean time per level.
                   A        B        C        D        E       F      G
               +--------+--------+--------+--------+--------+-----+--------+
         Total |    535 |    535 |      0 |    390 |      0 |   1 |  535.0 |
       Dungeon |    535 |    535 |      0 |    390 |      0 |   1 |  535.0 |
               +--------+--------+--------+--------+--------+-----+--------+

Top non-repeatable levels by time:
       D: 535 daAuts
